Selects Australian Defense Battlegroup
Selects Australian Light Infantry Section
Australian Light Infantry Section
Australian Light Infantry Section
Australian Light Infantry Section
Construct Section Command Post
Selects Defensive Tactics
Construct Platoon Command Post
6-pounder Anti-tank Gun Team
Selects CMP 15cwt Supply Run
Construct Company Command Post
Unlock Towed 17-pounder Anti-tank Guns
Selects Reinforced Resource Caches
17-pounder Anti-tank Gun Team